 Dungeon Crawl Stone Soup version 0.31-a0-161-gb58dd9be76 (webtiles) character file.

Game seed: 11338039696381996194

90 mopl the Magician (level 4, -1/27 HPs)
             Began as an Octopode Hedge Wizard on June 12, 2023.
             Slain by a gnoll
             ... wielding a +0 spear
              (7 damage)
             ... on level 4 of the Dungeon.
             The game lasted 00:04:25 (2246 turns).

mopl the Magician (Octopode Hedge Wizard)           Turns: 2246, Time: 00:04:26

Health: -1/27      AC:  1    Str:  9    XL:     4   Next: 56%
Magic:  7/9        EV: 12    Int: 18    God:
Gold:   183        SH:  4    Dex: 11    Spells: 7/10 levels left

rFire   . . .        a - +0 dagger
rCold   + . .        f - +0 buckler
rNeg    . . .        b - +0 hat
rPois   +            (no amulet)
rElec   .            r - ring of poison resistance
rCorr   .            u - ring of protection from cold
SInv    .            (no ring)
Will    .....        (no ring)
Stlth   +++          (no ring)
HPRegen 0.24/turn    (no ring)
MPRegen 0.11/turn    (no ring)
                     (no ring)

%: no passive effects
@: no status effects
A: almost no armour, amphibious, 8 rings, camouflage 1, gelatinous body 1,
(nimble swimmer 1), tentacles
a: no special abilities


You were on level 4 of the Dungeon.
You visited 1 branch of the dungeon, and saw 4 of its levels.

You collected 183 gold pieces.

Inventory:

Hand Weapons
 a - a +0 dagger (weapon)
Missiles
 e - 2 atropa-tipped darts
 n - a throwing net
 p - 8 poisoned darts
Armour
 b - a +0 hat (worn)
 d - a +0 kite shield
 f - a +0 buckler (worn)
Jewellery
 r - a ring of poison resistance (left tentacle)
 u - a ring of protection from cold (right tentacle)
Wands
 v - a wand of acid (4)
 y - a wand of paralysis (5)
Scrolls
 g - 2 scrolls of vulnerability {unknown}
 h - 5 scrolls of identify {unknown}
 i - 2 scrolls of fear {unknown}
 j - a scroll of torment {unknown}
 k - a scroll of revelation {unknown}
 l - 3 scrolls of enchant weapon {unknown}
 x - a scroll of noise {unknown}
Potions
 c - a potion of magic
 m - a potion of heal wounds {unknown}
 o - 2 potions of cancellation {unknown}
 q - a potion of lignification {unknown}
 s - a potion of invisibility {unknown}
 t - a potion of ambrosia {unknown}
 w - a potion of enlightenment {unknown}
 z - a potion of curing {unknown}


   Skills:
 - Level 2.0 Dodging
 - Level 2.6 Stealth
 + Level 1.7 Shields
 + Level 3.5 Spellcasting
 + Level 2.2 Conjurations
 - Level 1.0 Summonings
 + Level 2.2 Translocations


You had 7 spell levels left.
You knew the following spells:

 Your Spells              Type           Power      Damage    Failure   Level
a - Magic Dart            Conj           44%        1d5       10%         1
e - Blink                 Tloc           22%        N/A       14%         2

Your spell library contained the following spells:

 Spells                   Type           Power      Damage    Failure   Level
 Sandblast                Erth           6%         2d5       24%         1
 Slow                     Hex            12%        N/A       24%         1
 Call Imp                 Summ           12%        N/A       24%         2
 Cigotuvi's Dreadful Rot  Necr/Pois/Air  6%         N/A       34%         2
 Passwall                 Tmut/Erth      2%         N/A       34%         2
 Hailstorm                Conj/Ice       7%         3d4       41%         3
 Stone Arrow              Conj/Erth      14%        3d7       41%         3
 Volatile Blastmotes      Fire/Tloc      14%        2d11      41%         3
 Mephitic Cloud           Conj/Pois/Air  5%         N/A       45%         3
 Iskenderun's Mystic Bla  Conj/Tloc      11%        2d4       67%         4
 Fulminant Prism          Conj/Hex       3%         3d5       83%         4
 Ice Form                 Ice/Tmut       3%         N/A       93%         4
 Lee's Rapid Deconstruct  Erth           1%         3d4*      100%        5
 Simulacrum               Ice/Necr       1%         N/A       100%        6


Dungeon Overview and Level Annotations

Branches:
Dungeon (4/15)
 Temple: D:4-7

Altars:

Annotations:
D:4 1 runed translucent door, Crazy Yiuf


Innate Abilities, Weirdness & Mutations

You cannot wear most types of armour.
You are amphibious.
You can wear up to eight rings at the same time.
Your skin changes colour to match your surroundings (Stealth+).
Your rubbery body absorbs attacks. (AC +1, EV +1)
((You are camouflaged when in or above water. (Stealth+)))
You have tentacles for arms and can constrict up to eight enemies at once.


Message History

You see here a +1 hammer of draining.
You see here a +0 hammer.
An orc wizard comes into view. It is wielding a +0 dagger.
The magic dart hits the orc wizard.
The orc wizard is lightly wounded.
The orc wizard shouts!
You hear an angry hiss.
The magic dart hits the orc wizard.
The orc wizard is lightly wounded.
An adder comes into view.
The magic dart hits the orc wizard.
The orc wizard is moderately wounded.
The adder hisses angrily.
You hit the orc wizard but do no damage.
Your grab misses the orc wizard. Your squeeze misses the orc wizard.
The orc wizard is moderately wounded.
The orc wizard closely misses you.
A gnoll comes into view. It is wielding a +0 spear.
You hit the orc wizard. Your grab misses the orc wizard.
The orc wizard is moderately wounded.
The orc wizard barely misses you.
Found a stone staircase leading up.
The orc wizard points at you and mumbles some strange words.
You are confused.
The orc wizard attacks as you move away!
The orc wizard hits you with a +0 dagger.
You bump into the rock wall.
The adder bites you.
The orc wizard hits you with a +0 dagger.
You bump into the rock wall.
The adder bites you.
The orc wizard hits you with a +0 dagger.
The adder attacks as you move away! The adder closely misses you.
You bump into the rock wall.
The adder bites you. The adder barely misses you.
You bump into the rock wall.
The adder bites you.
* * * LOW HITPOINT WARNING * * *
The gnoll hits you from afar with a +0 spear.
* * * LOW HITPOINT WARNING * * *
You bump into the rock wall.
You feel less confused. The adder barely misses you.
The gnoll hits you from afar with a +0 spear!
You die...

##....... #.#.# #.#.#.#.#
.... ........ ##.#
#.#.#.###..# .......#...#
#.#.#.#.#..#.#
...........#.#### ##
#.#.#.#g####))+)## ###..)
.<.....oS@...).P)####.+...
#.#.#.#.##..)).)P.#..##...
........#...)+).#.### ##
#.#.#.#.##.######### #
########)# #######.#
#....<..# ....####### .


You could see an orc wizard, a gnoll and an adder.

Vanquished Creatures
  Ijyb (D:4)
  An adder (D:2)
  A worm (D:2)
  2 orcs (D:3)
  10 endoplasms
  A giant cockroach (D:1)
  8 goblins
  3 hobgoblins
  4 kobolds
  A quokka (D:1)
  2 ball pythons
  2 bats (D:2)
  5 frilled lizards
  7 rats
48 creatures vanquished.

Notes
Turn   | Place    | Note
-------+----------+-------------------------------------------
     0 | D:1      | mopl the Octopode Hedge Wizard began the quest for the Orb.
     0 | D:1      | Reached XP level 1. HP: 11/11 MP: 4/4
   112 | D:1      | Reached XP level 2. HP: 13/17 MP: 4/6
   117 | D:1      | Learned a level 2 spell: Blink
   543 | D:1      | Reached skill level 1 in Shields
   986 | D:2      | Reached XP level 3. HP: 17/21 MP: 3/7
  1019 | D:2      | Found a faded altar of an unknown god.
  1541 | D:2      | Reached skill level 2 in Translocations
  1578 | D:3      | Reached skill level 2 in Conjurations
  1695 | D:3      | Reached XP level 4. HP: 27/27 MP: 5/9
  2193 | D:4      | Noticed Ijyb
  2196 | D:4      | Killed Ijyb
  2211 | D:4      | Found a runed translucent door.
  2214 | D:4      | Noticed Crazy Yiuf
  2246 | D:4      | Slain by a gnoll

Illustrated notes

Levels and vault maps discovered:
D:1:      sevenhm_arrival_forest_fort_small_5, layout_basic, serial_forest,
          infiniplex_forest_corner_2, infiniplex_forest_clump_diagonal,
          infiniplex_forest_lined_room_, infiniplex_forest_end_double,
          infiniplex_forest_diagonal, infiniplex_forest_clump_tiny,
          infiniplex_forest_clump_medium, minmay_heptomino_h4
D:2:      layout_basic, hellmonk_ecumenical_altar_lost_god
D:3:      layout_loops_ring
D:4:      layout_loops_cross, st_stairs_10, serial_bayou_pond_b,
          uniq_crazy_yiuf_cottage, uniq_ijyb, uniq_pikel

Skill      XL: |  1  2  3 |
---------------+----------+-----
Shields        | 1 |  1.7
Translocations | 2 |  2.2
Conjurations   | 2 |  2.2
Dodging        | |  2.0
Stealth        | |  2.6
Spellcasting   | |  3.5
Summonings     | |  1.0

Action                     |  1- 3 |  4- 6 || total
---------------------------+-------+-------++-------
  Melee: Dagger            |   172 |     3 ||   175
         Tentacles         |    51 |       ||    51
         Constrict         |     7 |       ||     7
         Punch             |     3 |       ||     3
   Cast: Magic Dart        |    29 |     8 ||    37
  Evoke: Wand              |       |     2 ||     2
   Stab: Sleeping          |    11 |     1 ||    12
 Armour: Skin              |     4 |       ||     4
  Dodge: Dodged            |    24 |     5 ||    29
  Block: Buckler           |     3 |       ||     3

Table legend: (Time is in decaauts)
 A = Elapsed time spent in this place.
 B = Non-inter-level travel time spent in this place.
 C = Inter-level travel time spent in this place.
 D = Time resting spent in this place.
 E = Time spent auto-exploring this place.
 F = Levels seen in this place.
 G = Mean time per level.
                   A        B        C        D        E       F      G
               +--------+--------+--------+--------+--------+-----+--------+
         Total |   2253 |   2199 |     54 |     14 |   1740 |   4 |  563.2 |
       Dungeon |   2253 |   2199 |     54 |     14 |   1740 |   4 |  563.2 |
               +--------+--------+--------+--------+--------+-----+--------+

Top non-repeatable levels by time:
     D:1: 982 daAuts
     D:3: 617 daAuts
     D:2: 599 daAuts
     D:4: 53 daAuts
